 Dungeon Crawl Stone Soup version 0.15.2-1-g79e6ab2eea (webtiles) character file.

1520825 Ezendos the Slayer (level 26, 211/244 (254) HPs)
             Began as a Minotaur Death Knight on Mar 2, 2021.
             Was the Champion of Yredelemnul.
             Escaped with the Orb
             ... and 3 runes on May 12, 2021!
             The game lasted 06:33:32 (85173 turns).

Ezendos the Slayer (Minotaur Death Knight)         Turns: 85173, Time: 06:33:32

HP 211/244 (254) AC 33     Str 24      XL: 26   Next: 47%
MP  30/30        EV 23     Int  8      God: Yredelemnul [******]
Gold 5013        SH 31     Dex 19      Spells:  0 memorised, 25 levels left

rFire  + + .     SeeInvis +     w - +5 broad axe (vamp)
rCold  + + +     Clarity  .     M - +6 plate armour of the Clouds {rC++}
rNeg   + . .     rCorr    .     k - +6 large shield of Hiocug {rF+ rC+ Stlth+}
rPois  +         rRot     .     D - +2 hat {MR+}
rElec  .         Spirit   .     d - +2 cloak {rPois}
SustAb +         Warding  +     y - +2 pair of gloves
rMut   .         Stasis   .     x - +0 pair of boots "Olyxui" {+Rage rC+ Str+3 SInv}
Gourm  .                        o - macabre finger necklace {Ward rN+}
MR     +++..                    z - ring of the Lost Ships {SustAb MR+ Str+2 Slay+5}
                                R - ring of regeneration
                                n - ring of protection from fire

@: very slightly contaminated, extremely resistant to hostile enchantments,
extremely unstealthy
A: retaliatory headbutt, horns 2, repulsion field 1, deformed body,
deterioration 1, low mp 1, screaming 1, weak 1, forlorn, placid magic 1
a: Animate Dead, Recall Undead Slaves, Injury Mirror, Drain Life, Enslave Soul,
Renounce Religion, Evoke Berserk Rage
0: Orb of Zot
}: 3/15 runes: decaying, silver, gossamer


You escaped.
You worshipped Yredelemnul.
Yredelemnul was exalted by your worship.
You were full.

You visited 9 branches of the dungeon, and saw 55 of its levels.
You visited the Abyss 3 times.
You also visited: Ossuary, Ice Cave and Volcano.

You collected 7538 gold pieces.
You spent 2525 gold pieces at shops.

Inventory:

Hand weapons
 a - a +8 broad axe of flaming
 b - a +5 hand crossbow of evasion
 w - a +5 vampiric broad axe (weapon)
Missiles
 f - 10 throwing nets (quivered)
 Y - 26 steel bolts
Armour
 d - a +2 cloak of poison resistance (worn)
 k - the +6 large shield of Hiocug (worn) {rF+ rC+ Stlth+}
   (You acquired it on level 2 of the Realm of Zot)

   It protects you from fire.
   It protects you from cold.
   It makes you more stealthy.
 x - the +0 pair of boots "Olyxui" (worn) {+Rage rC+ Str+3 SInv}
   (You found it on level 5 of the Vaults)

   It affects your strength (+3).
   It protects you from cold.
   It enhances your eyesight.
   It lets you go berserk.
 y - a +2 pair of gloves (worn)
 D - a +2 hat of magic resistance (worn)
 M - the +6 plate armour of the Clouds (worn) {rC++}
   (You acquired it on level 4 of the Realm of Zot)

   It greatly protects you from cold.
Magical devices
 m - a wand of teleportation (7)
 s - a wand of hasting (9)
 B - a wand of digging (13)
Comestibles
 c - 18 bread rations
 h - 27 meat rations
Scrolls
 i - a scroll of magic mapping
 j - 6 scrolls of recharging
 l - 29 scrolls of remove curse
 u - 7 scrolls of blinking
 A - 4 scrolls of vulnerability
 I - 10 scrolls of fear
 K - 14 scrolls of immolation
 N - 3 scrolls of fog
 T - 6 scrolls of silence
 U - 13 scrolls of teleportation
Jewellery
 g - an uncursed amulet of stasis
 n - a ring of protection from fire (on amulet)
 o - the macabre finger necklace (around neck) {Ward rN+}
   (You found it in an ice cave)

   [amulet of warding]

   It may prevent the melee attacks of summoned creatures.
   It protects you from negative energy.
 q - an uncursed amulet of resist corrosion
 t - the ring of the Elephant {rN+ Dex+3 Int-2}
   (You found it on level 5 of the Vaults)

   [ring of positive energy]

   It affects your intelligence (-2).
   It affects your dexterity (+3).
   It protects you from negative energy.
 z - the ring of the Lost Ships (right hand) {SustAb MR+ Str+2 Slay+5}
   (You took it off a vault warden on level 5 of the Vaults)

   [ring of sustain abilities]

   It sustains your strength, intelligence and dexterity.
   It affects your strength (+2).
   It affects your accuracy and damage with ranged weapons and melee attacks
   (+5).
   It affects your resistance to hostile enchantments.
 O - an uncursed ring of protection from fire
 Q - the amulet of the Crown {rMut Str+2}
   (You took it off a deep elf annihilator on level 3 of the Elven Halls)

   [amulet of resist mutation]

   It protects you from mutation.
   It affects your strength (+2).
 R - a ring of regeneration (left hand)
Potions
 e - 2 potions of cancellation
 p - 3 potions of invisibility
 v - 3 potions of might
 F - 3 potions of cure mutation
 G - 11 potions of restore abilities
 H - a potion of agility
 J - 3 potions of resistance
 P - a potion of heal wounds
 S - 3 potions of flight
 V - 6 potions of brilliance
 W - 4 potions of magic
 X - 14 potions of curing
Miscellaneous
 L - a sack of spiders
 Z - a phial of floods


   Skills:
 * Level 24.3 Fighting
 + Level 20.0(20.8) Axes
   Level 4.4(14.1) Maces & Flails
   Level 10.4(16.3) Polearms
 - Level 12.0 Crossbows
 - Level 2.2 Throwing
 * Level 22.3 Armour
 * Level 20.6 Dodging
 + Level 22.4 Shields
 - Level 13.1 Invocations
 - Level 13.0 Evocations


You had 25 spell levels left.
You didn't know any spells.

Dungeon Overview and Level Annotations

Branches:
Dungeon (15/15)            Temple (0/1) D:7             Orc (4/4) D:9
    Elf (3/3) Orc:4          Lair (8/8) D:8           Swamp (5/5) Lair:6
 Spider (5/5) Lair:5        Slime (0/6) Lair:7       Vaults (5/5) D:13
  Crypt (0/3) Vaults:3     Depths (5/5) D:15            Zot (5/5) Depths:5

Altars:
Cheibriados
Makhleb
Xom
The Shining One

Shops:
D:12 :   Orc:1 [   Orc:4 %[((   Elf:1 }   Elf:2 [   Elf:3 (   Vaults:5 =
Depths:1 }   Depths:5 }

Portals:
Hell: Lair:8 Depths:1 Depths:2 Depths:3 Depths:5
Abyss: Depths:1 Depths:2
Pandemonium: Depths:1 Depths:3
Ziggurat: Depths:5

Annotations:
D:4 PeterLawrence's ghost, average MiFi
Lair:3 exclusion: oklob plant
Depths:5 exclusions: daeva, yaktaur captain and 2 more exclusions


Innate Abilities, Weirdness & Mutations

You reflexively headbutt those who attack you in melee.
You have a pair of horns on your head.
You are surrounded by a mild repulsion field (EV +2).
Armour fits poorly on your strangely shaped body.
Your body is slowly deteriorating.
Your magical capacity is low (-10% MP).
You occasionally shout uncontrollably at your foes.
You are weak. (Str -2)
You have difficulty communicating with the divine.
Your spells are a little easier to cast, but a little less powerful.


Message History

There is an open gate here.
A hellwing comes into view.
The hellwing gives a chilling moan.
The smoke demon gestures at you. Something smites you!
The hellwing gestures at you. You resist with almost no effort.
A hellwing comes into view.
The smoke demon gestures at you. Something smites you!
You block the hellwing's attack. You block the hellwing's attack.
You block the hellwing's attack. The hellwing completely misses you.
There is a staircase leading out of the dungeon here.
The smoke demon gestures at you. Something smites you!
The hellwing gestures at you. You resist with almost no effort.
You block the hellwing's attack. You block the hellwing's attack. x2
The hellwing misses you.
You have escaped!

#......# #.# #.# #.#......#.
#......# #.# #.#######.#.####...
###.#######.###..............##..
###.#####...............#.##.##..
.......##.#####...........##.###.
.#####.....................#.# #.
.### #.....................#.###.
...# #..#################........
...###..#≈≈§≈≈≈≈@4≈§§§≈§#...####.
...##...#≈≈≈§≈§≈443§≈≈≈≈#...# #.
%####...#≈≈≈≈....4§.§≈≈≈#..## #.
.####...#§§......Z....≈§#..# #.
........#≈.............§#Z.# #.
####.#..#≈§...........§≈#..# #.
...#.#..###..8.###.8..###..# ##
.#.#.#..#g#...........#K#..# ####
.#.#.#..#######'''#######..# #...


You could see 4 hellwings, a smoke demon and a friendly jackal zombie.

Vanquished Creatures
  An orb of fire (Zot:5)
  5 ancient liches (Zot:5)
  2 curse toes
  the Lernaean hydra (Swamp:5)
  3 Killer Klowns
  The ghost of PeterLawrence the Slayer, a mighty MiFi of Okawaru (Vaults:3)
  12 golden dragons
  4 electric golems
  Frederick (Vaults:5)
  12 tentacled monstrosities
  21 Orb Guardians
  A quicksilver dragon (Depths:5)
  A deep elf blademaster (Elf:3)
  6 titans (Vaults:5)
  2 deep elf master archers (Elf:3)
  4 liches
  8 storm dragons
  The ghost of mopl the Brawler, a mighty TrAM of Cheibriados (Elf:3)
  8 tentacled starspawn (Abyss:1)
  2 thorn hunters
  Rupert (Lair:6)
  Agnes (Elf:1)
  3 sphinxes
  2 tengu reavers
  An ancient champion (Vaults:3)
  5 draconian monks
  9 shadow dragons
  Donald (Vaults:1)
  Wiglaf (Depths:2)
  5 fire giants
  14 vault wardens
  3 draconian scorchers
  Maud (D:13)
  3 iron dragons
  11 frost giants
  Aizul (Vaults:1)
  10 deep elf sorcerers
  7 emperor scorpions
  9 ghost moths
  3 draconian knights
  Gastronok (D:10)
  6 draconian zealots
  A reaper (Abyss:1)
  13 stone giants
  A ghoul (Vaults:3)
  Jorgrun (Swamp:3)
  4 draconian annihilators
  11 very ugly things
  A spriggan defender (Depths:4)
  7 deep elf demonologists (Elf:3)
  4 grey draconians
  A vampire knight (Depths:5)
  4 draconian callers
  10 rakshasas
  A lorocyproca (Abyss:1)
  2 yellow draconians (Zot:3)
  3 dire elephants
  3 green draconians (Zot:3)
  8 pale draconians
  Azrael (Elf:3)
  9 white draconians
  5 red draconians
  5 mottled draconians
  4 deep elf annihilators
  4 purple draconians
  4 black draconians
  Snorg (Abyss:1)
  2 minotaurs (Depths:5)
  7 deep elf death magi
  12 ettins
  A merfolk impaler (Depths:3)
  17 vault guards
  10 fire dragons
  12 ironheart preservers
  16 yaktaur captains
  3 deep elf high priests
  Fannar (D:12)
  23 hydras
  Harold (Abyss:1)
  7 ogre magi
  6 great orbs of eyes
  6 death cobs
  2 ghost crabs (shapeshifter)
  2 spriggan air magi
  12 ice dragons
  13 centaur warriors
  8 death yaks
  A shambling mangrove (Swamp:5)
  3 alligators
  3 deep troll earth magi
  The ghost of ThereIsNoGod the Spear-Bearer, an experienced MfGl of Yredelemnul (D:10)
  4 spriggan berserkers
  6 thrashing horrors (Abyss:1)
  7 deep troll shamans
  A shock serpent (shapeshifter) (D:13)
  A catoblepas (D:13)
  2 vampire magi
  Nergalle (D:11)
  A titan skeleton (Vaults:4)
  8 deep elf knights
  2 storm dragon zombies
  7 hell knights
  4 wretched stars (Abyss:1)
  5 sun demons
  A shadow wraith (Abyss:1)
  2 death drakes (shapeshifter)
  2 fire crabs
  2 spatial maelstroms (Abyss:1)
  6 giant orange brains
  4 iron trolls
  A death drake (Zot:1)
  A sea snake (shapeshifter) (Vaults:3)
  12 deep elf summoners
  3 unseen horrors
  9 orb spiders
  6 hill giants
  An ice devil (Abyss:1)
  A wizard (Depths:1)
  10 swamp dragons
  20 large abominations
  6 red wasps
  An ice statue (Zot:2)
  15 deep trolls
  A swamp dragon (shapeshifter) (Vaults:4)
  16 ironbrand convokers
  3 flayed ghosts
  2 deathcaps (Zot:4)
  11 deep elf conjurers
  4 griffons
  5 necromancers
  6 cyclopes
  A manticore (D:14)
  64 ugly things
  A draconian zombie (Zot:3)
  2 phantasmal warriors
  3 oklob plants (Zot:2)
  5 orc sorcerers
  13 wolf spiders
  A frost giant skeleton (Depths:2)
  A draconian (shapeshifter) (Depths:3)
  A guardian serpent (Abyss:1)
  17 moths of wrath
  14 orc knights
  3 worldbinders (Abyss:1)
  7 elephants
  4 sixfirhies
  An apocalypse crab (Abyss:1)
  A centaur zombie (D:15)
  A guardian serpent (shapeshifter) (Vaults:3)
  Maurice (Abyss:1)
  43 starcursed masses (Abyss:1)
  11 vault sentinels
  A torpor snail (Depths:5)
  A gargoyle (D:12)
  A spiny frog (shapeshifter) (Vaults:2)
  2 black mambas
  13 spiny frogs
  A yellow draconian zombie (Zot:3)
  2 centaur skeletons
  2 orange demons
  6 smoke demons
  A spriggan zombie (Depths:2)
  3 hellwings
  A kobold demonologist (Abyss:1)
  A white draconian zombie (Zot:3)
  5 ancient zymes
  3 komodo dragons
  A tengu conjurer (Depths:5)
  61 yaktaurs
  4 demonic crawlers
  A red devil (Lair:8)
  3 iron devils
  10 blue devils
  An efreet (Zot:1)
  11 deep elf priests
  3 red draconian skeletons (Zot:1)
  9 wandering mushrooms
  A troll (shapeshifter) (Vaults:5)
  11 two-headed ogres
  9 trolls
  A minotaur zombie (Depths:2)
  A fire drake (Lair:5)
  2 wind drakes (Zot:1)
  14 jumping spiders
  A merfolk (shapeshifter) (Depths:2)
  Sonja (Abyss:1)
  A freezing wraith (Vaults:5)
  5 giant leeches
  11 raiju (Abyss:1)
  Prince Ribbit (D:8)
  A tengu simulacrum (Vaults:3)
  7 bog bodies
  38 slime creatures
  7 polar bears
  2 burning bushes (Zot:2)
  A blink frog (shapeshifter) (Depths:5)
  An ettin zombie (Abyss:1)
  9 blink frogs
  7 boulder beetles
  A snapping turtle (shapeshifter) (Elf:3)
  A spriggan (shapeshifter) (Depths:2)
  4 flying skulls
  3 shadows
  3 air elementals (Depths:2)
  2 basilisks (Lair:8)
  9 trapdoor spiders
  3 wraiths
  A dire elephant simulacrum (Depths:2)
  13 deep elf magi
  3 spriggans
  23 tarantellas
  27 redbacks
  7 water elementals
  An ice dragon skeleton (Abyss:1)
  3 vampires
  11 ynoxinuls
  A golden eye (shapeshifter) (Vaults:2)
  A human (D:10)
  7 fire bats
  2 steam dragons
  2 chaos spawn
  22 fire elementals
  3 hippogriffs
  2 hippogriffs (shapeshifter)
  8 neqoxecs
  43 yaks
  20 wolves
  4 spatial vortices (Abyss:1)
  20 deep elf fighters
  2 hogs (D:10)
  A hungry ghost (D:8)
  11 porcupines
  3 wargs
  30 vampire mosquitoes
  4 golden eyes (Abyss:1)
  23 swamp worms
  A wolf (shapeshifter) (Vaults:3)
  22 water moccasins
  A mottled dragon (D:14)
  A soldier ant (D:13)
  A soldier ant (shapeshifter) (Abyss:1)
  14 small abominations
  3 hell hounds
  2 sky beasts (D:15)
  A black bear (shapeshifter) (Depths:5)
  10 boggarts
  A red wasp simulacrum (Vaults:1)
  10 swamp drakes
  2 phantoms
  8 ice beasts
  59 orc warriors
  An ettin simulacrum (Vaults:4)
  A black bear (D:9)
  A necrophage (Depths:2)
  20 spiders
  4 boring beetles
  18 crocodiles
  8 yellow wasps
  An elf skeleton (Vaults:4)
  A boring beetle (shapeshifter) (Depths:3)
  A lost soul (Elf:3)
  37 ogres
  10 giant frogs
  2 human zombies
  37 centaurs
  A fire crab zombie (D:15)
  2 big kobolds (D:7)
  19 insubstantial wisps
  8 scorpions
  A yak zombie (D:11)
  6 eyes of draining
  A troll zombie (D:11)
  An oklob sapling (Zot:2)
  A boulder beetle zombie (Vaults:1)
  12 killer bees
  9 wights
  An electric eel (Lair:6)
  2 hippogriff skeletons
  5 lava snakes
  8 crimson imps
  2 goliath beetles
  A giant frog zombie (D:12)
  8 hounds
  6 quasits
  6 iguanas
  22 orc priests
  A two-headed ogre zombie (D:13)
  7 jellies
  A black bear skeleton (D:6)
  3 iron imps (Abyss:1)
  A polar bear simulacrum (Lair:7)
  A yak simulacrum (Lair:7)
  An elf simulacrum (Vaults:4)
  41 orc wizards
  A lightning spire (Zot:2)
  7 orange rats
  11 sheep
  2 wolf simulacra (Lair:7)
  11 worker ants
  A spriggan simulacrum (Abyss:1)
  A sky beast zombie (D:7)
  A big kobold zombie (Ossuary)
  An ogre skeleton (D:11)
  4 mummies
  31 adders
  4 gnolls
  47 green rats
  2 giant mites
  5 shadow imps
  13 white imps
  2 worms (D:2)
  A worm (shapeshifter) (Depths:5)
  24 ufetubi
  An adder skeleton (D:9)
  4 giant geckos
  15 oozes
  157 orcs
  8 bats
  6 giant cockroaches
  A green rat zombie (Lair:5)
  21 hobgoblins
  21 jackals
  18 kobolds
  9 quokkas
  3 ball pythons
  3 giant newts
  2 giant spores
  21 goblins
  3 green rat simulacra (Lair:7)
  A hobgoblin skeleton (D:5)
  5 hobgoblin zombies
  2 kobold zombies
  2 orc skeletons
  7 orc zombies
  15 rats
  26 ballistomycetes
  7 fungi
  13 plants
  8 starspawn tentacles (Abyss:1)
  A toadstool (Swamp:4)
2474 creatures vanquished.

Vanquished Creatures (collateral kills)
  2 orbs of fire
  2 ancient liches (Zot:5)
  Saint Roka (Swamp:2)
  A curse toe (Zot:4)
  Margery (Depths:3)
  2 golden dragons (Vaults:5)
  A Brimstone Fiend (Zot:5)
  An electric golem (Zot:3)
  Arachne (Spider:4)
  2 liches
  4 tentacled monstrosities
  A Shadow Fiend (Zot:5)
  A deep elf blademaster (Elf:3)
  3 titans
  5 Orb Guardians (Zot:5)
  A tentacled starspawn (Abyss:1)
  A sphinx (Vaults:5)
  2 storm dragons
  An octopode crusher (Depths:4)
  4 tengu reavers (Vaults:5)
  4 fire giants
  Roxanne (Spider:4)
  A draconian monk (Zot:3)
  2 frost giants
  5 vault wardens
  A draconian zealot (Depths:5)
  A war gargoyle (Vaults:5)
  2 draconian annihilators
  2 draconian shifters (Zot:3)
  2 very ugly things
  A deep elf demonologist (Vaults:5)
  11 stone giants
  A grey draconian (Zot:1)
  A purple draconian (Depths:5)
  A pale draconian (Zot:3)
  3 black draconians
  A white draconian (Zot:1)
  2 red draconians (Depths:5)
  4 ettins
  4 fire dragons
  3 ironheart preservers (Vaults:5)
  21 vault guards
  Josephine (D:10)
  2 death cobs
  5 hydras
  4 yaktaur captains
  3 ice dragons
  Erica (Lair:2)
  2 rakshasas
  An ogre mage (Vaults:4)
  2 alligators (Swamp:4)
  A deep troll shaman (Depths:3)
  An anaconda (shapeshifter) (Vaults:2)
  A thrashing horror (Abyss:1)
  A tengu warrior (Depths:5)
  A sun demon (Lair:8)
  A soul eater (Swamp:5)
  An iron troll (Depths:3)
  A wizard (Lair:8)
  4 hell knights (Depths:3)
  A deep troll (Depths:3)
  7 orb spiders
  A spectral yaktaur (Vaults:5)
  A golden dragon zombie (Zot:3)
  A spriggan druid (Swamp:4)
  2 swamp dragons (Swamp:5)
  2 deep elf summoners
  An unseen horror (Vaults:1)
  2 ice devils
  2 ironbrand convokers
  3 phantasmal warriors
  A hill giant (Depths:3)
  2 deep elf conjurers
  An orc sorcerer (Vaults:1)
  A wolf spider (Spider:5)
  A human zombie (Vaults:5)
  3 cyclopes
  12 ugly things
  3 orc knights
  A spectral ettin (Vaults:5)
  A griffon (Vaults:1)
  A moth of wrath (shapeshifter) (Vaults:5)
  2 oklob plants
  2 elephants
  3 sixfirhies
  A mermaid (shapeshifter) (Vaults:5)
  6 vault sentinels
  A torpor snail (Depths:4)
  3 moths of wrath
  8 yaktaurs
  An orange demon (Abyss:1)
  3 komodo dragons
  4 spiny frogs
  A black mamba (Lair:7)
  A tormentor (Zot:5)
  3 demonic crawlers
  A deep elf priest (Elf:3)
  3 fire drakes
  2 trolls
  A hellwing (Zot:3)
  2 red devils
  4 slime creatures
  2 polar bears (IceCv)
  A blue devil (Lair:8)
  5 jumping spiders
  A troll (shapeshifter) (Vaults:4)
  A freezing wraith (Vaults:5)
  4 bog bodies
  3 two-headed ogres
  A giant leech (Swamp:4)
  A raven (Depths:5)
  5 blink frogs
  A boulder beetle (Vaults:4)
  3 shadows
  2 basilisks
  17 yaks
  A wyvern (Lair:3)
  A deep elf mage (D:12)
  6 trapdoor spiders
  5 water elementals
  A ynoxinul (Lair:6)
  3 neqoxecs
  11 redbacks
  12 tarantellas
  3 hippogriffs
  Grum (Orc:4)
  5 deep elf fighters
  3 fire elementals
  6 swamp worms
  A hungry ghost (D:12)
  A porcupine (Lair:7)
  A hell hound (Lair:8)
  4 wolves
  A mottled dragon (Vaults:2)
  2 water moccasins
  16 spiders
  3 swamp drakes
  A black bear (Lair:3)
  An ice beast (D:10)
  8 orc warriors
  2 ogres
  A spectral fire drake (Vaults:5)
  2 centaurs
  A yellow wasp (Spider:2)
  2 crocodiles
  4 giant frogs
  An eye of draining (D:12)
  An oklob sapling (Zot:2)
  3 killer bees
  2 yak zombies (D:11)
  An electric eel (Zot:4)
  4 wights (D:10)
  2 crimson imps
  8 orc priests
  A centaur skeleton (D:10)
  8 jellies
  2 hounds
  2 iguanas
  6 orc wizards
  A lightning spire (Zot:2)
  A worker ant (D:8)
  A polar bear simulacrum (Lair:7)
  2 wolf simulacra (Lair:7)
  12 sheep
  An ogre skeleton (D:7)
  A mummy (D:7)
  4 gnolls
  9 green rats
  3 adders
  A shadow imp (Vaults:2)
  5 white imps
  6 ufetubi
  2 oozes (Lair:5)
  22 orcs
  A bat (D:9)
  A giant cockroach (D:3)
  A hobgoblin (D:3)
  A jackal (D:7)
  3 quokkas
  5 goblins
  A green rat simulacrum (Lair:7)
  7 kobolds
  3 rats
  2 ballistomycetes
  9 fungi
  9 plants
  A starspawn tentacle (Abyss:1)
558 creatures vanquished.

Vanquished Creatures (others)
  2 bone dragons (Vaults:5)
  A tentacled starspawn (Abyss:2)
  A sphinx (Vaults:5)
  4 ghouls
  A vault guard (D:13)
  4 death cobs
  A rakshasa (Vaults:1)
  A spectral human (Vaults:5)
  2 titan zombies (Vaults:5)
  6 skeletal warriors
  A storm dragon zombie (Zot:2)
  2 shadow wraiths
  An orb spider (Spider:5)
  6 flayed ghosts
  An unseen horror (D:15)
  2 ghost moth zombies
  2 large abominations (Abyss:1)
  An ice statue (IceCv)
  A tengu zombie (Vaults:5)
  A deep elf conjurer (D:15)
  A hill giant (D:13)
  3 shadow dragon zombies
  3 frost giant zombies
  9 draconian zombies
  2 fire giant zombies
  A griffon (D:12)
  A manticore (D:13)
  A stone giant zombie (Vaults:5)
  8 phantasmal warriors
  An ugly thing (D:11)
  An elephant (Lair:2)
  2 dire elephant zombies
  A black mamba (Lair:3)
  An emperor scorpion zombie (Depths:1)
  A mottled draconian zombie (Zot:1)
  3 white draconian zombies
  2 pale draconian zombies (Zot:5)
  A purple draconian zombie (Zot:5)
  3 red draconian zombies
  A green draconian zombie (Zot:3)
  A spiny frog (Lair:2)
  2 swamp worm zombies (Swamp:5)
  A grey draconian zombie (Zot:1)
  4 komodo dragons
  8 redback zombies
  2 iron troll zombies (Depths:3)
  2 ghoul skeletons
  A troll (D:13)
  A pale draconian skeleton (Zot:5)
  10 hydra zombies
  A minotaur zombie (Depths:2)
  A black draconian skeleton (Zot:5)
  5 polar bears (IceCv)
  A demonic crawler zombie (Spider:5)
  3 moth of wrath zombies
  A fire dragon zombie (Zot:5)
  A slime creature (D:9)
  9 ugly thing zombies
  A hydra skeleton (D:11)
  3 ice dragon zombies
  4 tarantella zombies
  2 ettin zombies
  A jumping spider zombie (Spider:4)
  2 elf skeletons
  7 deep troll zombies
  5 flying skulls
  2 hill giant zombies
  A black mamba zombie (Lair:8)
  A fire dragon skeleton (Depths:4)
  12 vampires
  A giant leech zombie (Swamp:2)
  An ice dragon skeleton (Zot:5)
  2 wraiths
  6 yaks
  2 golden eyes (Abyss:1)
  A steam dragon (D:13)
  A hippogriff (Lair:2)
  A harpy simulacrum (Abyss:1)
  A hill giant skeleton (D:11)
  17 elf zombies
  A water moccasin (Lair:1)
  2 mottled dragons (D:14)
  6 wolves
  2 small abominations (Abyss:1)
  A dwarf (shapeshifter) (D:13)
  2 spiny frog zombies
  An orc warrior (Orc:1)
  2 blink frog zombies
  16 human zombies
  An ogre (D:11)
  A phantom (D:10)
  7 swamp dragon zombies
  A human skeleton (Vaults:5)
  A centaur (D:14)
  A fire drake zombie (Lair:5)
  2 hog zombies (D:10)
  7 vampire mosquito zombies
  A lost soul (Elf:3)
  A giant frog (Lair:4)
  A komodo dragon zombie (Lair:5)
  20 yaktaur zombies
  2 yaktaur skeletons
  A big kobold (D:9)
  3 cyclops zombies
  8 spider zombies
  A fire crab zombie (Vaults:4)
  A water moccasin zombie (Lair:8)
  A scorpion (D:13)
  A polar bear zombie (IceCv)
  A spriggan zombie (Swamp:3)
  2 hippogriff zombies
  3 troll zombies
  A raiju zombie (Abyss:1)
  11 yak zombies
  A yak skeleton (D:10)
  3 wights
  11 wolf zombies
  A goliath beetle (D:7)
  3 giant frog zombies
  A wolf skeleton (Orc:4)
  A crimson imp (D:14)
  A jelly (D:12)
  2 yellow wasp zombies
  7 two-headed ogre zombies
  2 hounds
  A basilisk zombie (Lair:2)
  A giant frog skeleton (D:12)
  An iguana (D:8)
  7 centaur zombies
  An orc wizard (D:11)
  3 bog body skeletons
  2 porcupine zombies (Lair:5)
  3 killer bee zombies
  A crocodile zombie (D:9)
  10 ogre zombies
  A sheep (D:10)
  A hound zombie (Lair:4)
  2 mummies
  A worker ant zombie (D:11)
  3 green rats
  4 swamp drake zombies (Swamp:5)
  A steam dragon zombie (D:10)
  7 adder zombies
  7 sheep zombies
  2 orcs
  A bat zombie (D:3)
  14 green rat zombies
  A quokka (D:12)
  A giant gecko zombie (D:6)
  A giant newt zombie (D:4)
  6 giant spores
  4 gnoll zombies
  A goblin zombie (D:6)
  A green rat skeleton (Lair:4)
  A jackal zombie (D:7)
  4 kobold zombies (D:7)
  2 lurking horrors (Abyss:1)
  62 orc zombies
  A quokka skeleton (Lair:2)
  A quokka zombie (Lair:3)
  A rat (D:7)
  A rat zombie (D:3)
  7 ballistomycetes
  8 fungi
  4 plants
  33 starspawn tentacles
  189 starspawn tentacle segments
  6 toadstools (Swamp:4)
770 creatures vanquished.

Grand Total: 3802 creatures vanquished

Notes
Turn   | Place    | Note
--------------------------------------------------------------
     0 | D:1      | Ezendos, the Minotaur Death Knight, began the quest for the Orb.
     0 | D:1      | Reached XP level 1. HP: 18/18 MP: 1/1
   223 | D:1      | Reached skill level 3 in Invocations
   289 | D:1      | Reached XP level 2. HP: 25/25 MP: 2/2
   846 | D:1      | Acquired Yredelemnul's second power
   846 | D:1      | Reached skill level 4 in Fighting
   846 | D:1      | Reached XP level 3. HP: 30/33 MP: 4/4
   856 | D:2      | Found a shimmering altar of Xom.
  1108 | D:2      | Reached XP level 4. HP: 37/41 MP: 4/4
  1151 | D:2      | Reached skill level 5 in Fighting
  1819 | D:3      | Reached XP level 5. HP: 34/50 MP: 5/5
  1820 | D:3      | Acquired Yredelemnul's third power
  1820 | D:3      | Reached skill level 6 in Fighting
  2307 | D:3      | Reached skill level 7 in Fighting
  2538 | D:4      | Reached XP level 6. HP: 55/60 MP: 6/6
  2553 | D:4      | Received a gift from Yredelemnul
  2729 | D:4      | Got a fine chain mail
  2741 | D:4      | Identified the cursed -4 chain mail of Acipheqy {rF+ Dex+3 Stlth-} (You found it on level 4 of the Dungeon)
  2781 | D:4      | Noticed an ogre
  2789 | D:4      | Killed an ogre
  3064 | D:4      | Noticed an ogre
  3171 | D:4      | Noticed PeterLawrence's ghost (average MiFi)
  3187 | D:3      | Reached skill level 8 in Fighting
  3564 | D:5      | Entered Level 5 of the Dungeon
  3819 | D:5      | Reached XP level 7. HP: 42/68 MP: 5/7
  4870 | D:5      | Reached skill level 5 in Invocations
  5103 | D:6      | Reached XP level 8. HP: 57/75 MP: 9/12
  6569 | D:7      | Reached skill level 1 in Polearms
  6574 | D:7      | Reached skill level 1 in Throwing
  6574 | D:7      | Received a gift from Yredelemnul
  6612 | D:7      | Found a staircase to the Ecumenical Temple.
  6892 | D:7      | Reached XP level 9. HP: 66/82 MP: 16/16
  6913 | D:7      | Found a sand-covered staircase.
  6917 | Ossuary  | Entered an ossuary
  7707 | D:7      | Acquired Yredelemnul's fourth power
  7922 | D:8      | Noticed Prince Ribbit
  8011 | D:8      | Reached skill level 5 in Polearms
  8076 | D:8      | You fall through a shaft!
  8076 | D:9      | Found a staircase to the Orcish Mines.
  8222 | D:9      | Reached skill level 1 in Shields
  8227 | D:9      | Got a pitted great mace
  8407 | D:8      | Reached skill level 5 in Armour
  8560 | D:8      | Killed Prince Ribbit
  8640 | D:8      | Found a staircase to the Lair.
  9087 | D:9      | Reached skill level 5 in Shields
  9087 | D:9      | Reached XP level 10. HP: 70/89 MP: 17/17
  9346 | D:9      | Reached skill level 5 in Dodging
  9538 | D:9      | Found a glowing golden altar of the Shining One.
 10176 | D:10     | Entered Level 10 of the Dungeon
 10183 | D:10     | Received a gift from Yredelemnul
 10225 | Lair:1   | Entered Level 1 of the Lair of Beasts
 10756 | Lair:1   | Reached skill level 9 in Polearms
 11036 | Lair:1   | Reached XP level 11. HP: 95/97 MP: 18/18
 11629 | Lair:2   | Received a gift from Yredelemnul
 11675 | Lair:2   | Got a transparent garnet amulet
 11681 | Lair:2   | Noticed Erica
 11725 | Lair:2   | Killed Erica
 12196 | Lair:2   | Received a gift from Yredelemnul
 12245 | Lair:2   | Noticed a seven-headed hydra
 12254 | Lair:2   | Your ally Erica died
 12555 | Lair:2   | Identified the amulet of Divine Intervention {Faith rC-} (You found it on level 2 of the Lair of Beasts)
 12724 | Lair:3   | Reached skill level 1 in Evocations
 13131 | Lair:3   | Received a gift from Yredelemnul
 13475 | Lair:3   | Found a snail-covered altar of Cheibriados.
 14375 | Lair:4   | Reached skill level 10 in Shields
 14828 | Lair:5   | Noticed an eight-headed hydra
 14881 | Lair:5   | Reached skill level 10 in Fighting
 15007 | Lair:5   | Acquired Yredelemnul's fifth power
 15128 | Lair:5   | Found a hole to the Spider Nest.
 15139 | Lair:5   | Reached XP level 12. HP: 93/106 MP: 20/20
 15297 | Lair:5   | Found a dark tunnel.
 15306 | Volcano  | Entered a volcano
 15893 | Lair:5   | Killed an eight-headed hydra
 16063 | Lair:5   | Received a gift from Yredelemnul
 16078 | Lair:5   | Reached skill level 11 in Shields
 16363 | Lair:6   | Noticed Rupert
 16437 | Lair:1   | You fall through a shaft!
 16623 | Orc:1    | Entered Level 1 of the Orcish Mines
 16784 | Orc:2    | Noticed a stone giant
 17006 | D:10     | Noticed ThereIsNoGod's ghost (experienced MfGl)
 17686 | D:10     | Noticed Gastronok
 17712 | D:10     | Killed Gastronok
 18064 | D:11     | Noticed Nergalle
 18270 | D:11     | Noticed Maurice
 18273 | D:11     | Killed Nergalle
 18273 | D:11     | Reached skill level 12 in Shields
 18647 | D:11     | Received a gift from Yredelemnul
 18680 | D:11     | Noticed Josephine
 18818 | D:10     | Killed Josephine
 18818 | D:10     | Reached skill level 10 in Armour
 19333 | D:11     | Your ally Nergalle died
 19693 | D:11     | Reached XP level 13. HP: 59/116 MP: 20/20
 19960 | D:12     | Noticed Fannar
 20064 | D:12     | Killed Fannar
 20121 | D:12     | Found a frozen archway.
 20124 | D:12     | Reached skill level 13 in Shields
 20148 | IceCv    | Entered an ice cave
 20377 | IceCv    | Got a steaming ring mail
 20633 | IceCv    | Noticed a frost giant
 20662 | IceCv    | Received a gift from Yredelemnul
 20678 | IceCv    | Killed a frost giant
 20858 | D:12     | Found Muidue's Book Shoppe.
 20992 | D:12     | Noticed Sonja
 21248 | D:12     | Banished Sonja
 21285 | D:12     | Banished Maurice
 21359 | D:12     | Your ally Fannar died
 21529 | D:12     | Noticed Harold
 21594 | D:12     | Banished Harold
 21700 | D:12     | Got a steaming cloak
 21706 | D:12     | Identified the +2 cloak "Pyririnu" {Int-3 Stlth+} (You found it on level 12 of the Dungeon)
 21986 | D:13     | Found a gate to the Vaults.
 22342 | D:13     | Reached skill level 14 in Shields
 23541 | D:13     | Reached skill level 10 in Dodging
 23687 | D:13     | Received a gift from Yredelemnul
 24002 | D:14     | Noticed Maud
 24116 | D:13     | Reached XP level 14. HP: 84/127 MP: 15/21
 24413 | D:13     | Killed Maud
 25666 | D:15     | Entered Level 15 of the Dungeon
 25712 | D:15     | Reached skill level 15 in Shields
 25776 | D:15     | Noticed Snorg
 25783 | D:15     | Banished Snorg
 26704 | D:15     | Found a staircase to the Depths.
 26827 | D:15     | Identified a scroll of acquirement
 26828 | D:15     | Got a bronze plate armour
 26839 | D:15     | Identified the +9 plate armour of Rotation {Str+4 Int+3} (You acquired it on level 15 of the Dungeon)
 27133 | D:15     | Received a gift from Yredelemnul
 27559 | D:8      | Reached skill level 16 in Shields
 27629 | Lair:2   | Killed a seven-headed hydra
 28030 | Lair:6   | Found a staircase to the Swamp.
 28051 | Lair:6   | Received a gift from Yredelemnul
 28120 | Lair:6   | Paralysed by Rupert for 7 turns
 28128 | Lair:6   | Cast into the Abyss (Rupert)
 28133 | Abyss:1  | Noticed a Hell Sentinel
 28139 | Abyss:1  | Noticed a pale draconian zealot
 28166 | Abyss:1  | Found a shattered altar of Ashenzari.
 28249 | Abyss:1  | Noticed a yellow draconian scorcher
 28253 | Abyss:1  | Noticed a tentacled starspawn
 28431 | Abyss:1  | Killed Harold
 28431 | Abyss:1  | Reached skill level 10 in Polearms
 28467 | Abyss:1  | Gained mutation: You occasionally shout uncontrollably at your foes. [a neqoxec]
 28473 | Abyss:1  | Gained mutation: You heal slowly when monsters are visible. [a neqoxec]
 28480 | Abyss:1  | Gained mutation: You are frail (-10% HP). [a neqoxec]
 28493 | Abyss:1  | Gained mutation: You are very frail (-20% HP). [a neqoxec]
 28498 | Abyss:1  | Lost mutation: You heal slowly when monsters are visible. [potion of cure mutation]
 28498 | Abyss:1  | Lost mutation: You are very frail (-20% HP). [potion of cure mutation]
 28498 | Abyss:1  | Lost mutation: You are frail (-10% HP). [potion of cure mutation]
 28498 | Abyss:1  | Lost mutation: You occasionally shout uncontrollably at your foes. [potion of cure mutation]
 28811 | Abyss:1  | Lost intelligence.
 28863 | Abyss:1  | Noticed a tentacled starspawn
 28871 | Abyss:1  | Killed a tentacled starspawn
 28871 | Abyss:1  | Reached XP level 15. HP: 8/123 MP: 15/15
 28880 | Abyss:1  | Paralysed by a great orb of eyes for 7 turns
 28937 | Abyss:1  | Gained mutation: Your body is slowly deteriorating. [a neqoxec]
 29080 | Abyss:1  | HP: 6/137 [starcursed mass/accursed screaming (7)]
 29088 | Abyss:1  | HP: 1/137 [starcursed mass/accursed screaming (7)]
 29149 | Abyss:1  | HP: 2/137 [sixfirhy (8)]
 29215 | Abyss:1  | Noticed a bone dragon
 29421 | Abyss:1  | Found a corrupted altar of Lugonu.
 29495 | Abyss:1  | Noticed a tentacled starspawn
 29865 | Abyss:2  | Noticed a tentacled starspawn
 29881 | Abyss:2  | Killed a tentacled starspawn
 29965 | Abyss:2  | Noticed a tentacled starspawn
 30083 | Lair:6   | Escaped the Abyss
 30094 | Lair:6   | Killed Rupert
 30867 | Lair:2   | Received a gift from Yredelemnul
 31312 | Orc:1    | Killed a stone giant
 31839 | Orc:1    | Found Klonick's Antique Armour Emporium.
 32305 | Orc:4    | Entered Level 4 of the Orcish Mines
 32305 | Orc:4    | Found a staircase to the Elven Halls.
 32606 | Orc:3    | Received a gift from Yredelemnul
 33124 | Orc:4    | Noticed Grum
 33155 | Orc:4    | Killed Grum
 33460 | Orc:2    | Received a gift from Yredelemnul
 33601 | D:12     | Bought a manual of Shields for 1545 gold pieces
 33763 | Orc:4    | Reached skill level 17 in Shields
 33779 | Orc:4    | Your ally Grum died
 33943 | Orc:4    | Received a gift from Yredelemnul
 34038 | Orc:4    | Found Ydiuj's Weapon Shop.
 34038 | Orc:4    | Found Fiypsy's Antique Armour Emporium.
 34041 | Orc:4    | Found Ysuepoec's Food Shoppe.
 34043 | Orc:4    | Found Qairav's Antique Weapon Boutique.
 34061 | Orc:4    | Bought a glowing hat for 128 gold pieces
 34536 | Swamp:1  | Entered Level 1 of the Swamp
 34632 | Swamp:1  | Reached skill level 18 in Shields
 35247 | Swamp:1  | You fall through a shaft!
 35308 | Swamp:2  | Reached skill level 19 in Shields
 35322 | Swamp:2  | Received a gift from Yredelemnul
 36189 | Swamp:3  | Noticed Saint Roka
 36589 | Swamp:3  | Received a gift from Yredelemnul
 36748 | Swamp:2  | Reached skill level 20 in Shields
 37170 | Swamp:2  | Killed Saint Roka
 37682 | Swamp:3  | Noticed a thorn hunter
 37710 | Swamp:3  | Killed a thorn hunter
 37988 | Swamp:3  | Reached XP level 16. HP: 128/145 MP: 24/24
 38498 | Lair:7   | Reached skill level 1 in Axes
 38784 | Lair:7   | Received a gift from Yredelemnul
 38811 | Lair:7   | Found a staircase to the Slime Pits.
 39312 | Lair:8   | Entered Level 8 of the Lair of Beasts
 39491 | Lair:8   | Reached skill level 21 in Shields
 39868 | Lair:8   | Received a gift from Yredelemnul
 40253 | Lair:8   | Found a burning altar of Makhleb.
 40263 | Lair:8   | Reached skill level 5 in Axes
 40301 | Lair:8   | Found a gateway to Hell.
 40845 | Swamp:3  | Noticed Jorgrun
 40867 | Swamp:3  | Killed Jorgrun
 40867 | Swamp:3  | Received a gift from Yredelemnul
 42289 | Swamp:5  | Entered Level 5 of the Swamp
 42332 | Swamp:5  | Noticed Frances
 42341 | Swamp:5  | Killed Frances
 42341 | Swamp:5  | Enslaved Frances
 42565 | Swamp:5  | Received a gift from Yredelemnul
 42689 | Swamp:5  | Reached skill level 10 in Axes
 43256 | Swamp:5  | Received a gift from Yredelemnul
 43521 | Swamp:5  | Noticed the 27-headed Lernaean hydra
 43554 | Swamp:5  | Killed the 24-headed Lernaean hydra
 43851 | Swamp:5  | Got a decaying rune of Zot
 43967 | Swamp:4  | Reached XP level 17. HP: 139/151 MP: 25/25
 44155 | Spider:1 | Entered Level 1 of the Spider Nest
 44260 | Spider:1 | Received a gift from Yredelemnul
 44805 | Spider:1 | Received a gift from Yredelemnul
 45552 | Spider:2 | Received a gift from Yredelemnul
 46130 | Spider:3 | Reached skill level 15 in Axes
 46130 | Spider:3 | Received a gift from Yredelemnul
 46574 | Spider:4 | Noticed Roxanne
 46816 | Spider:4 | Noticed Arachne
 46828 | Spider:4 | Killed Arachne
 46910 | Spider:5 | Entered Level 5 of the Spider Nest
 47779 | Elf:1    | Entered Level 1 of the Elven Halls
 47912 | Elf:1    | Received a gift from Yredelemnul
 48192 | Elf:1    | Found Jus Twat's Gadget Emporium.
 48435 | Elf:1    | Noticed Agnes
 48444 | Elf:1    | Killed Agnes
 49340 | Elf:2    | Found Naunn's Antique Armour Shop.
 49502 | Elf:3    | Entered Level 3 of the Elven Halls
 49885 | Orc:4    | Bought a +2 broad axe of chopping for 252 gold pieces
 50005 | Elf:3    | Noticed mopl's ghost (mighty TrAM)
 50028 | Elf:3    | Killed mopl's ghost
 50097 | Elf:3    | Found Elua's Weapon Boutique.
 50187 | Elf:3    | Noticed Azrael
 50601 | Elf:3    | Killed Azrael
 51091 | Elf:3    | Reached skill level 5 in Evocations
 51280 | Elf:3    | Noticed a Hell Sentinel
 51355 | Elf:3    | Reached XP level 18. HP: 154/162 MP: 27/27
 51689 | Depths:1 | Entered Level 1 of the Depths
 51965 | Vaults:1 | Entered Level 1 of the Vaults
 52012 | Vaults:1 | Reached skill level 15 in Fighting
 52315 | Vaults:1 | Cast into the Abyss (ogre mage)
 52364 | Abyss:1  | Noticed a tentacled starspawn
 52372 | Abyss:1  | Killed a tentacled starspawn
 52515 | Abyss:1  | Killed Sonja
 52515 | Abyss:1  | Received a gift from Yredelemnul
 52617 | Abyss:1  | Reached skill level 10 in Invocations
 52665 | Abyss:1  | Found a corrupted altar of Lugonu.
 52713 | Abyss:1  | Found a corrupted altar of Lugonu.
 52848 | Abyss:1  | Killed Maurice
 53146 | Abyss:1  | Paralysed by accursed screaming for 1 turns
 53164 | Abyss:1  | Gained mutation: Your natural rate of healing is unusually fast. [a neqoxec]
 53670 | Abyss:1  | Found a corrupted altar of Lugonu.
 54011 | Abyss:1  | Killed Snorg
 54023 | Abyss:1  | Paralysed by accursed screaming for 1 turns
 54039 | Abyss:1  | Gained mutation: You occasionally shout uncontrollably at your foes. [a neqoxec]
 54143 | Abyss:1  | Your ally Snorg died
 54939 | Abyss:1  | Reached XP level 19. HP: 155/174 MP: 20/28
 54975 | Vaults:1 | Escaped the Abyss
 55130 | Vaults:1 | Noticed Aizul
 55145 | Vaults:1 | Killed Aizul
 55241 | Vaults:1 | Paralysed by an orc sorcerer for 3 turns
 55332 | Vaults:1 | Received a gift from Yredelemnul
 55494 | Vaults:1 | Received a gift from Yredelemnul
 55604 | Vaults:1 | Noticed Donald
 55616 | Vaults:1 | Killed Donald
 56035 | Vaults:1 | Reached skill level 15 in Armour
 56678 | Vaults:2 | Received a gift from Yredelemnul
 57626 | Vaults:3 | Noticed PeterLawrence's ghost (mighty MiFi)
 58047 | Vaults:3 | Got a jewelled chain mail
 58048 | Vaults:3 | Identified the cursed -4 chain mail of the Okapi {rElec} (You found it on level 3 of the Vaults)
 58300 | Vaults:2 | Received a gift from Yredelemnul
 58575 | Vaults:3 | Found a staircase to the Crypt.
 59081 | Vaults:3 | Reached XP level 20. HP: 177/179 MP: 29/29
 59278 | Vaults:3 | Received a gift from Yredelemnul
 59418 | Vaults:3 | Killed PeterLawrence's ghost
 59976 | Vaults:3 | Received a gift from Yredelemnul
 61157 | Vaults:4 | Received a gift from Yredelemnul
 61795 | Vaults:4 | Received a gift from Yredelemnul
 62249 | Vaults:5 | Entered Level 5 of the Vaults
 62938 | Spider:4 | Killed Roxanne
 63374 | Spider:5 | Received a gift from Yredelemnul
 63626 | Spider:4 | Reached XP level 21. HP: 98/190 MP: 0/31
 63968 | Spider:5 | Got a gossamer rune of Zot
 64586 | Elf:3    | Reached skill level 10 in Evocations
 64588 | Elf:3    | Got a flickering brass amulet
 64589 | Elf:3    | Got a bone executioner's axe
 64591 | Elf:3    | Identified the amulet of the Crown {rMut Str+2} (You took it off a deep elf annihilator on level 3 of the Elven Halls)
 64592 | Elf:3    | Identified the +5 executioner's axe of Tension {chop, rF+ MR+} (You took it off a deep elf annihilator on level 3 of the Elven Halls)
 64640 | Elf:3    | Received a gift from Yredelemnul
 64797 | Elf:3    | Cast into the Abyss (deep elf sorcerer)
 64809 | Elf:3    | Escaped the Abyss
 65160 | Elf:3    | Got a transparent brass ring
 65175 | Elf:3    | Identified the cursed ring of Hehoor {rN+ Int-2} (You took it off a deep elf master archer on level 3 of the Elven Halls)
 65255 | Elf:3    | Reached skill level 15 in Dodging
 65619 | D:10     | Killed ThereIsNoGod's ghost
 65986 | Depths:1 | Received a gift from Yredelemnul
 66246 | Depths:1 | Received a gift from Yredelemnul
 66321 | Depths:1 | Found a one-way gate leading to the halls of Pandemonium.
 66384 | Depths:1 | Found a one-way gate to the infinite horrors of the Abyss.
 66773 | Depths:1 | Found Noeneegi's Gadget Boutique.
 67054 | Depths:2 | Reached skill level 1 in Crossbows
 67164 | Depths:2 | Received a gift from Yredelemnul
 67745 | Depths:3 | Noticed Wiglaf
 67765 | Depths:2 | Killed Wiglaf
 67822 | Depths:3 | Received a gift from Yredelemnul
 67886 | Depths:3 | Reached XP level 22. HP: 201/201 MP: 32/32
 68163 | Depths:3 | Reached skill level 5 in Crossbows
 68322 | Depths:3 | Noticed Margery
 68348 | Depths:3 | Killed Margery
 69728 | Depths:5 | Entered Level 5 of the Depths
 69844 | Depths:5 | Found a gateway to a ziggurat.
 70272 | Depths:4 | Received a gift from Yredelemnul
 71440 | Vaults:5 | Noticed a golden dragon
 71474 | Vaults:4 | Received a gift from Yredelemnul
 71699 | Vaults:5 | Received a gift from Yredelemnul
 71769 | Vaults:5 | Received a gift from Yredelemnul
 71915 | Vaults:5 | Noticed a golden dragon
 71920 | Vaults:5 | Noticed Frederick
 71921 | Vaults:5 | Your ally Frances died
 71928 | Vaults:5 | Killed a golden dragon
 71957 | Vaults:5 | Received a gift from Yredelemnul
 71992 | Vaults:5 | Reached skill level 10 in Crossbows
 72057 | Vaults:5 | Reached XP level 23. HP: 210/210 MP: 27/32
 72123 | Vaults:5 | Killed Frederick
 72163 | Vaults:5 | Received a gift from Yredelemnul
 72189 | Vaults:5 | Noticed a golden dragon
 72199 | Vaults:5 | Killed a golden dragon
 72250 | Vaults:5 | Got a sparkling pewter ring
 72252 | Vaults:5 | Identified the ring of the Elephant {rN+ Dex+3 Int-2} (You found it on level 5 of the Vaults)
 72318 | Vaults:5 | Received a gift from Yredelemnul
 72439 | Vaults:5 | Killed a golden dragon
 72550 | Vaults:5 | Got a silver rune of Zot
 72580 | Vaults:5 | Paralysed by a sphinx for 7 turns
 72651 | Vaults:5 | Got a scintillating amber ring
 72661 | Vaults:5 | Identified the ring of the Lost Ships {SustAb MR+ Str+2 Slay+5} (You took it off a vault warden on level 5 of the Vaults)
 72801 | Vaults:5 | Got a pair of jewelled boots
 72812 | Vaults:5 | Identified the +0 pair of boots "Olyxui" {+Rage rC+ Str+3 SInv} (You found it on level 5 of the Vaults)
 72972 | Vaults:5 | Received a gift from Yredelemnul
 73394 | Vaults:5 | Found Maer's Jewellery Boutique.
 73418 | Vaults:5 | Bought an uncursed ring of regeneration for 600 gold pieces
 74280 | Depths:5 | Received a gift from Yredelemnul
 74515 | Depths:5 | Found Zug Laz's Gadget Shoppe.
 75079 | Depths:5 | Received a gift from Yredelemnul
 75125 | Depths:5 | Found a gate to the Realm of Zot.
 75315 | Depths:5 | Reached XP level 24. HP: 219/221 MP: 33/33
 75604 | Zot:1    | Entered Level 1 of the Realm of Zot
 76246 | Zot:1    | Noticed an orb of fire
 76254 | Zot:1    | Gained mutation: Armour fits poorly on your strangely shaped body. [an orb of fire]
 76257 | Zot:1    | Gained mutation: You have difficulty communicating with the divine. [an orb of fire]
 76266 | Zot:1    | Lost mutation: Your natural rate of healing is unusually fast. [an orb of fire]
 76268 | Zot:1    | Killed an orb of fire
 76268 | Zot:1    | Reached skill level 22 in Fighting
 76997 | Zot:2    | Got a faintly humming large shield
 77013 | Zot:2    | Identified the +6 large shield of Hiocug {rF+ rC+ Stlth+} (You acquired it on level 2 of the Realm of Zot)
 77259 | Zot:2    | Received a gift from Yredelemnul
 78684 | Zot:3    | Reached XP level 25. HP: 230/230 MP: 34/34
 78704 | Zot:3    | Received a gift from Yredelemnul
 79409 | Zot:4    | Got a shimmering plate armour
 79412 | Zot:3    | Identified the +6 plate armour of the Clouds {rC++} (You acquired it on level 4 of the Realm of Zot)
 80072 | Zot:4    | Reached skill level 23 in Fighting
 80273 | Zot:4    | Got a faintly humming hat
 80274 | Zot:4    | Identified the cursed +0 hat of the Gravedigger {MR+} (You found it on level 4 of the Realm of Zot)
 80534 | Zot:5    | Entered Level 5 of the Realm of Zot
 81412 | Zot:5    | Noticed an ancient lich
 81424 | Zot:5    | Killed an ancient lich
 81443 | Zot:5    | Received a gift from Yredelemnul
 81526 | Zot:5    | Noticed an ancient lich
 81719 | Zot:5    | Killed an ancient lich
 82034 | Zot:5    | Noticed an ancient lich
 82176 | Zot:5    | Killed an ancient lich
 82335 | Zot:5    | Noticed an ancient lich
 82345 | Zot:5    | Noticed an orb of fire
 82439 | Zot:4    | Gained mutation: You are weak. (Str -2) [an orb of fire]
 82443 | Zot:4    | Killed an orb of fire
 82462 | Zot:5    | Killed an ancient lich
 82669 | Zot:5    | Received a gift from Yredelemnul
 82868 | Zot:5    | Noticed an ancient lich
 82875 | Zot:5    | Noticed an ancient lich
 82893 | Zot:5    | Killed an ancient lich
 82913 | Zot:5    | Killed an ancient lich
 82913 | Zot:5    | Reached XP level 26. HP: 50/244 MP: 34/34
 83205 | Zot:5    | Noticed an orb of fire
 83219 | Zot:5    | Gained mutation: Your magical capacity is low (-10% MP). [an orb of fire]
 83228 | Zot:5    | Gained mutation: Your spells are a little easier to cast, but a little less powerful. [an orb of fire]
 83230 | Zot:5    | Gained mutation: You are surrounded by a mild repulsion field (EV +2). [an orb of fire]
 83231 | Zot:5    | Noticed an ancient lich
 83234 | Zot:5    | Killed an orb of fire
 83234 | Zot:5    | Reached skill level 24 in Fighting
 83244 | Zot:5    | Killed an ancient lich
 83855 | Zot:5    | Received a gift from Yredelemnul
 84583 | Zot:5    | Got the Orb of Zot
 85173 | D:$      | Escaped with the Orb!

Action                   |  1- 3 |  4- 6 |  7- 9 | 10-12 | 13-15 | 16-18 | 19-21 | 22-24 | 25-27 || total
-------------------------+-------+-------+-------+-------+-------+-------+-------+-------+-------++-------
Melee: Mace              |    73 |   191 |   204 |       |       |       |       |       |       ||   468
       Trident           |       |       |   336 |  1093 |  2391 |     3 |       |       |       ||  3823
       Broad axe         |       |       |       |       |       |  1584 |  1890 |  1869 |   617 ||  5960
 Fire: Hand crossbow     |       |       |       |       |       |       |       |       |     5 ||     5
Invok: Animate Remains   |     1 |     4 |       |       |       |       |       |       |       ||     5
       Animate Dead      |       |     4 |     7 |    45 |    58 |    57 |    68 |    50 |    14 ||   303
       Injury Mirror     |       |     1 |       |     1 |     7 |     1 |     2 |     1 |     2 ||    15
       Drain Life        |       |       |       |     7 |    15 |    12 |     1 |    11 |       ||    46
       Recall Undead Sla |       |       |       |     3 |     2 |     7 |     1 |     5 |     6 ||    24
       Enslave Soul      |       |       |       |       |     1 |     1 |       |       |       ||     2
       Stop Recall       |       |       |       |       |       |     1 |       |       |       ||     1
Evoke: Wand              |       |       |       |     5 |    19 |     1 |     1 |       |    13 ||    39
       Stone of tremors  |       |       |       |     1 |       |       |       |       |       ||     1
       Phial of floods   |       |       |       |       |     1 |       |       |       |     1 ||     2
  Use: Scroll            |       |    12 |     5 |    14 |    23 |    20 |    24 |    13 |     8 ||   119
       Potion            |       |     2 |     4 |     2 |    24 |     6 |     4 |     4 |     6 ||    52
 Stab: Distracted        |       |       |     2 |     4 |    15 |    15 |    12 |    16 |     4 ||    68
       Petrified         |       |       |       |       |     2 |       |       |       |       ||     2
       Petrifying        |       |       |       |       |     1 |       |       |       |       ||     1
       Confused          |       |       |       |       |       |       |       |     2 |       ||     2
  Eat: Chunk             |       |     8 |    23 |    38 |    44 |    35 |    29 |    13 |     2 ||   192
       Bread ration      |       |     1 |       |       |     3 |     1 |     1 |     6 |     7 ||    19
       Beef jerky        |       |       |       |       |     4 |     4 |     3 |     1 |       ||    12
       Fruit             |       |       |       |       |     2 |    13 |     5 |       |       ||    20
       Royal jelly       |       |       |       |       |     2 |     1 |       |     6 |       ||     9
       Pizza             |       |       |       |       |       |     4 |    10 |     3 |       ||    17
       Meat ration       |       |       |       |       |       |       |       |       |     1 ||     1
